Construct Section Command Post
Selects Canadian Shock Battlegroup
Construct Platoon Command Post
Unlock M3 Stuart Light Tanks
Selects Incendiary Munitions
Construct Field Infirmary
6-pounder Anti-tank Gun Team
Construct Company Command Post
Selects Canadian Shock Section
Selects Churchill Crocodile Heavy Tank
Unlock Towed 17-pounder Anti-tank Guns
17-pounder Anti-tank Gun Team
17-pounder Anti-tank Gun Team